[Event "Titled Tuesday Blitz May 2 Late 2023"]
[White "Bilych, Olexiy"]
[Black "Henriquez Villagra, Cristobal"]
[WhiteFideId "14156504"]
[BlackFideId "3409350"]
[WhiteElo "2320"]
[BlackElo "2542"]
[Result "1-0"]
[Round "10"]
[TimeControl "180+2"]
[Date "2023.05.02"]
[WhiteClock "0:01:25"]
[BlackClock "0:00:48"]

1. d4 Nf6 2. c4 e6 3. Nf3 d5 4. Nc3 c6 5. Bg5 Be7 6. e3 Nbd7 7. Bd3 dxc4 8. Bxc4 b5 9. Bd3 Bb7 10. O-O O-O 11. Rc1 Rc8 12. Bxf6 Nxf6 13. Ne4 Nxe4 14. Bxe4 f5 15. Bd3 a6 16. Qb3 Qd5 17. Bc4 bxc4 18. Qxb7 Bd6 19. Qxa6 Ra8 20. Qxc4 Rxa2 21. Qxc6 Rxb2 22. Qxd5 exd5 23. g3 Rb6 24. Rc2 h6 25. h4 Kf7 26. h5 Ke6 27. Rfc1 Rfb8 28. Kg2 Kf6 29. Rc6 Ke6 30. Rxb6 Rxb6 31. Rc8 Kf6 32. Ra8 Rc6 33. Ra5 Ke6 34. Nh4 Rc7 35. Kf3 Rd7 36. Rb5 Bc7 37. Rb7 Kf6 38. Ng6 1-0


[Site "https://www.chess.com"]

[Event "Titled Tuesday Blitz May 2 Late 2023"]
[White "Ter-Sahakyan, Samvel"]
[Black "Maurizzi, Marc`Andria"]
[WhiteFideId "13302531"]
[BlackFideId "36083534"]
[WhiteElo "2566"]
[BlackElo "2421"]
[Result "1/2-1/2"]
[Round "10"]
[TimeControl "180+2"]
[Date "2023.05.02"]
[WhiteClock "0:00:15"]
[BlackClock "0:00:13"]

1. d4 Nf6 2. Nf3 g6 3. c4 Bg7 4. Nc3 O-O 5. e4 d6 6. Be2 Nbd7 7. O-O e5 8. Re1 c6 9. dxe5 dxe5 10. h3 Qe7 11. Be3 a6 12. a3 Rd8 13. Qc2 Nh5 14. b4 Nf4 15. Bf1 Nf8 16. Na4 N8e6 17. Nb6 Rb8 18. c5 Qf6 19. h4 Nd4 20. Nxd4 exd4 21. Bxf4 Qxf4 22. g3 Qg4 23. Rad1 Be6 24. Bc4 a5 25. Bxe6 Qxe6 26. Nc4 axb4 27. axb4 Ra8 28. Rd3 Ra6 29. e5 Qd5 30. Nd6 Bxe5 31. Nxb7 Rb8 32. Nd6 Rxb4 33. Ne4 Ra2 34. Qd1 Rbb2 35. Nc3 Rxf2 36. Nxd5 Rg2+ 37. Kh1 Rh2+ 38. Kg1 Rag2+ 39. Kf1 Rf2+ 40. Kg1 Rfg2+ 41. Kf1 Rf2+ 42. Kg1 Rfg2+ 1/2-1/2


[Site "https://www.chess.com"]

[Event "Titled Tuesday Blitz May 2 Late 2023"]
[White "Naroditsky, Daniel"]
[Black "Seemann, Jakub"]
[WhiteFideId "2026961"]
[BlackFideId "21874697"]
[WhiteElo "2633"]
[BlackElo "2364"]
[Result "1-0"]
[Round "10"]
[TimeControl "180+2"]
[Date "2023.05.02"]
[WhiteClock "0:02:46"]
[BlackClock "0:01:37"]

1. e4 c6 2. d4 d5 3. f3 e6 4. Nc3 Bb4 5. a3 Ba5 6. Be3 Ne7 7. Bd3 O-O 8. Ne2 Nd7 9. O-O Bc7 10. Qe1 a6 11. f4 dxe4 12. Nxe4 Nf5 13. Bf2 Nf6 14. c3 Nxe4 15. Bxe4 Bd7 16. Qb1 h6 17. Qd3 Nd6 18. Bf3 Qe7 19. Rae1 Rad8 20. Ng3 g6 21. Qd2 Qf6 22. Ne2 h5 23. Nc1 Nf5 24. Nd3 Bd6 25. Ne5 c5 26. Nxd7 Rxd7 27. dxc5 Rfd8 28. cxd6 Rxd6 29. Qc1 Rd2 30. Rd1 1-0


[Site "https://www.chess.com"]

[Event "Titled Tuesday Blitz May 2 Late 2023"]
[White "Bortnyk, Olexandr"]
[Black "Kobo, Ori"]
[WhiteFideId "14120828"]
[BlackFideId "2812320"]
[WhiteElo "2734"]
[BlackElo "2447"]
[Result "1-0"]
[Round "10"]
[TimeControl "180+2"]
[Date "2023.05.02"]
[WhiteClock "0:01:04"]
[BlackClock "0:00:05"]

1. d4 Nf6 2. Nc3 d5 3. Bf4 c5 4. e4 Nxe4 5. Nxe4 dxe4 6. dxc5 Qa5+ 7. c3 Qxc5 8. Qa4+ Nc6 9. Qxe4 g6 10. Nf3 Bg7 11. Rd1 O-O 12. Be3 Qa5 13. Bc4 Ne5 14. Nxe5 Qxe5 15. Qxe5 Bxe5 16. O-O Bf5 17. Rfe1 Bf6 18. Bd5 a5 19. Bf4 a4 20. Bxb7 Ra7 21. Bd5 a3 22. bxa3 Rxa3 23. c4 Rxa2 24. c5 Rc2 25. c6 Rc8 26. h3 h5 27. Re3 Kg7 28. Bf3 g5 29. Bg3 g4 30. hxg4 hxg4 31. Be4 Bxe4 32. Rxe4 R8xc6 33. Rxg4+ Kh7 34. Rd8 R6c5 35. Bf4 R2c4 36. Rf8 Rf5 37. Rxf7+ Kh8 38. g3 e5 39. Rf8+ Kh7 40. Rf7+ Kh8 41. Rg6 exf4 42. g4 Rc1+ 43. Kh2 Rg5 44. Rfxf6 Rxg6 45. Rxg6 Rc3 46. Rf6 f3 47. Kg3 Kg7 48. Rxf3 1-0


[Site "https://www.chess.com"]

[Event "Titled Tuesday Blitz May 2 Late 2023"]
[White "Terry, Renato"]
[Black "Santos Ruiz, Miguel"]
[WhiteFideId "3803457"]
[BlackFideId "22291482"]
[WhiteElo "2575"]
[BlackElo "2504"]
[Result "1-0"]
[Round "10"]
[TimeControl "180+2"]
[Date "2023.05.02"]
[WhiteClock "0:00:02"]
[BlackClock "0:00:03"]

1. a3 e5 2. b4 d5 3. Bb2 Bd6 4. e3 Nf6 5. c4 c6 6. Nf3 Qe7 7. cxd5 cxd5 8. Nc3 Nc6 9. d4 e4 10. Nd2 O-O 11. Be2 Qe6 12. g4 Ne7 13. h3 h6 14. Nb5 Bb8 15. Rc1 a6 16. Nc3 Bd7 17. Na4 b6 18. Qb3 Ng6 19. h4 Nxg4 20. Nxb6 Qxb6 21. Qxd5 Ra7 22. h5 Ne7 23. Qxe4 Qe6 24. Qg2 Nxe3 25. fxe3 Qxe3 26. Rc3 Qe6 27. O-O Nf5 28. Bg4 Qd6 29. Bxf5 Bxf5 30. Rxf5 Qxd4+ 31. Kf1 Re7 32. Rb3 1-0


[Site "https://www.chess.com"]

[Event "Titled Tuesday Blitz May 2 Late 2023"]
[White "Sieciechowicz, Marcin"]
[Black "Muradli, Mahammad"]
[WhiteFideId "1130170"]
[BlackFideId "13409301"]
[WhiteElo "2302"]
[BlackElo "2558"]
[Result "1/2-1/2"]
[Round "10"]
[TimeControl "180+2"]
[Date "2023.05.02"]
[WhiteClock "0:00:04"]
[BlackClock "0:00:03"]

1. d4 Nf6 2. Bf4 d6 3. e3 Nbd7 4. h3 e5 5. dxe5 dxe5 6. Bh2 Bd6 7. Nd2 Qe7 8. Nc4 b6 9. Nf3 Bb7 10. Nxd6+ cxd6 11. Be2 O-O 12. O-O Rfd8 13. c4 Rac8 14. Rc1 Nc5 15. b4 Nce4 16. Qb3 h6 17. Rfd1 Ba8 18. Qb2 Qb7 19. Rc2 Rd7 20. Rdc1 Rdc7 21. a3 Ng5 22. c5 bxc5 23. bxc5 Qxb2 24. Rxb2 Bxf3 25. gxf3 Rxc5 26. Rxc5 Rxc5 27. Rb8+ Kh7 28. Rb7 e4 29. Bxd6 Rc1+ 30. Kg2 Rc2 31. f4 Rxe2 32. fxg5 hxg5 33. Rxf7 Nd5 34. Kg3 Kg6 35. Rxa7 Re1 36. Be5 Kf5 37. Bd4 g6 38. Ra5 Ke6 39. Ra6+ Kf7 40. Rd6 Ne7 41. Rf6+ Kg8 42. Kg2 Nf5 43. Rxg6+ Kh7 44. Rxg5 Nh4+ 45. Kg3 Nf3 46. Rg7+ Kh6 47. Rd7 Kg5 48. Rg7+ Kf5 49. Rf7+ Kg5 50. Rxf3 exf3 51. Kxf3 Kf5 52. Bb6 Ra1 53. Bc5 Rb1 54. Kg3 Rg1+ 55. Kh2 Rc1 56. Bd4 Ke4 57. Kg2 Rc2 58. h4 Rc6 59. Kg3 Rg6+ 60. Kh3 Kf3 61. a4 Rg1 62. Kh2 Rg4 63. Kh3 Rg1 64. Kh2 Rg8 65. Bf6 Rg2+ 66. Kh3 Rxf2 67. h5 Rf1 68. Kh4 Ke4 69. Bg5 Kf5 70. Bf4 Rh1+ 71. Kg3 Rxh5 72. a5 Ke4 73. a6 Ra5 74. Kg4 Rxa6 75. Kg3 Rg6+ 76. Kf2 Rg4 77. Ke2 Rg2+ 78. Kd1 Ra2 79. Kc1 Kd3 80. Kb1 Re2 81. Kc1 Kc3 82. Kd1 Kd3 83. Kc1 Rd2 84. Kb1 Rc2 85. Ka1 Kc3 86. Kb1 Kb3 87. Be5 Rc5 88. Bd4 Rc4 89. Be5 Rc5 90. Bd4 Rc2 91. Be5 Re2 92. Kc1 Rxe3 93. Bd4 Rd3 94. Be5 Rd5 95. Bf6 Rd6 96. Bg7 Rd7 97. Bf6 Kc4 98. Kc2 Rf7 99. Be5 Rf2+ 100. Kc1 Kd3 101. Bg7 Rc2+ 102. Kb1 Rg2 103. Bf6 Rf2 104. Bg7 Rf7 105. Bh8 Kd2 106. Kb2 Rb7+ 107. Ka3 Kd3 108. Ka4 Kc4 109. Ka3 Rg7 110. Bxg7 1/2-1/2


[Site "https://www.chess.com"]

[Event "Titled Tuesday Blitz May 2 Late 2023"]
[White "Grigoriants, Sergey"]
[Black "Nazari, Arad"]
[WhiteFideId "4130804"]
[BlackFideId "12577324"]
[WhiteElo "2502"]
[BlackElo "2242"]
[Result "1-0"]
[Round "10"]
[TimeControl "180+2"]
[Date "2023.05.02"]
[WhiteClock "0:00:04"]
[BlackClock "0:00:01"]

1. d4 Nf6 2. c4 g6 3. f3 Nc6 4. e3 Bg7 5. Nc3 O-O 6. d5 Nb8 7. e4 e6 8. Nh3 exd5 9. cxd5 d6 10. Nf2 c6 11. Be2 cxd5 12. exd5 Nbd7 13. O-O a6 14. Be3 Re8 15. Qd2 b5 16. a4 b4 17. Nce4 Nxe4 18. fxe4 a5 19. Rac1 Ba6 20. Bxa6 Rxa6 21. Bd4 Bxd4 22. Qxd4 Qb6 23. Qxb6 Rxb6 24. Rc7 Nc5 25. Ng4 Rf8 26. e5 Nxa4 27. e6 f5 28. Nh6+ Kh8 29. Nf7+ Kg8 30. Nh6+ Kh8 31. Rfc1 Nc5 32. Rd1 Ne4 33. Nf7+ Kg8 34. Rdc1 Re8 35. Nh6+ Kf8 36. Rf7# 1-0


[Site "https://www.chess.com"]

[Event "Titled Tuesday Blitz May 2 Late 2023"]
[White "Baskakov, Egor"]
[Black "Ambartsumova, Karina"]
[WhiteFideId "24197866"]
[BlackFideId "4166299"]
[WhiteElo "2212"]
[BlackElo "2240"]
[Result "1-0"]
[Round "10"]
[TimeControl "180+2"]
[Date "2023.05.02"]
[WhiteClock "0:00:06"]
[BlackClock "0:00:02"]

1. e4 e5 2. Nc3 Nf6 3. g3 d5 4. exd5 Nxd5 5. Bg2 Nxc3 6. bxc3 Nc6 7. d3 Be7 8. Rb1 O-O 9. Ne2 Qd6 10. O-O Rb8 11. f4 Bg4 12. Be3 b6 13. f5 f6 14. h3 Bh5 15. g4 Bf7 16. c4 Nd4 17. Ng3 c5 18. Ne4 Qc7 19. h4 h6 20. c3 Nc6 21. Qf3 Rbd8 22. Rbd1 Be8 23. Qg3 Na5 24. g5 fxg5 25. hxg5 hxg5 26. Bxg5 Bh5 27. f6 Bxd1 28. fxe7 Rxf1+ 29. Kxf1 Ra8 30. Nf6+ gxf6 31. Bxf6+ Kf7 32. Bxa8 Qc8 33. Qg7+ Ke6 34. Bg2 Qe8 35. Qf8 Bh5 36. Bd5+ Kd6 37. Qg7 Nc6 38. d4 cxd4 39. cxd4 exd4 40. Bh4 Kc7 41. Qg3+ Kb7 42. Qd6 d3 43. Ke1 Bg6 44. Kd2 Bf7 45. Be4 Bh5 46. Bg3 1-0


[Site "https://www.chess.com"]

[Event "Titled Tuesday Blitz May 2 Late 2023"]
[White "Antonica, Dragos-Andrei"]
[Black "Mekhitarian, Krikor Sevag"]
[WhiteFideId "1246372"]
[BlackFideId "2107660"]
[WhiteElo "2285"]
[BlackElo "2604"]
[Result "0-1"]
[Round "10"]
[TimeControl "180+2"]
[Date "2023.05.02"]
[WhiteClock "0:00:47"]
[BlackClock "0:00:03"]

1. c4 c5 2. Nc3 Nc6 3. g3 g6 4. Bg2 Bg7 5. e3 Nh6 6. Nge2 Nf5 7. O-O O-O 8. d3 d6 9. a3 Qd7 10. Rb1 b6 11. b4 Bb7 12. Bb2 Rad8 13. b5 Na5 14. Nd5 Bxb2 15. Rxb2 Bxd5 16. Bxd5 e6 17. Bg2 d5 18. cxd5 exd5 19. Nf4 d4 20. e4 Ne7 21. e5 c4 22. Re2 Qxb5 23. e6 f5 24. Rfe1 c3 25. Re5 Qb3 26. Qc1 Rd6 27. Nh5 gxh5 28. Qg5+ Ng6 29. e7 Re8 30. Rxf5 Re6 31. Rxe6 Qxe6 32. Bd5 Qxd5 33. Rxd5 Rxe7 34. Rxd4 Nc6 35. Rc4 Ne5 36. Rc8+ Kg7 37. Qxh5 Nxd3 38. Rxc3 Re1+ 39. Kg2 Ndf4+ 40. gxf4 Nxf4+ 41. Kf3 Nxh5 42. Rc7+ Kg6 43. Rxa7 Rb1 44. Ra6 Nf6 45. a4 Kf5 46. a5 Rb3+ 47. Kg2 bxa5 48. Rxa5+ Kg6 49. Ra4 h5 50. Rc4 Rd3 51. Rb4 Rd5 52. Ra4 Rg5+ 53. Kh3 Rg4 54. Ra6 Kg5 55. Ra5+ Kh6 56. Ra6 Kg7 57. Ra7+ Kg6 58. Ra6 Rg1 59. Rb6 Rg5 60. Ra6 Rb5 61. Rc6 Kg5 62. Kg2 Nd5 63. Rc4 Kf5 64. Kg3 Nf6 65. f3 Kg6 66. Rc6 Rf5 67. h4 Rd5 68. Ra6 Kf5 69. Rb6 Rc5 70. Ra6 Rd5 71. Rb6 Rd3 72. Rb5+ Kg6 73. Rg5+ Kh6 74. Rf5 Rd6 75. Rg5 Nd7 76. Rf5 Rf6 77. Rd5 Nf8 78. Ra5 Ng6 79. Rb5 Nf4 80. Rb2 Ne6 81. Rb6 Rg6+ 82. Kf2 Nf4 83. Rb4 Nd3+ 84. Ke3 Nxb4 0-1


[Site "https://www.chess.com"]

[Event "Titled Tuesday Blitz May 2 Late 2023"]
[White "Haszon, David"]
[Black "Prohaszka, Peter"]
[WhiteFideId "733610"]
[BlackFideId "726265"]
[WhiteElo "2210"]
[BlackElo "2626"]
[Result "0-1"]
[Round "10"]
[TimeControl "180+2"]
[Date "2023.05.02"]
[WhiteClock "0:00:17"]
[BlackClock "0:00:07"]

1. d4 d5 2. Bf4 c5 3. e3 cxd4 4. exd4 Nc6 5. c3 Nf6 6. Nd2 Bf5 7. Qb3 Qc8 8. Ngf3 e6 9. h3 h6 10. a4 Be7 11. a5 a6 12. Ne5 O-O 13. g4 Bh7 14. Bg2 Nd7 15. Ndf3 f6 16. Nxd7 Qxd7 17. O-O Bd8 18. Rfe1 Nxa5 19. Qa2 Nc6 20. Nd2 Bg6 21. Rxe6 Bf7 22. Re2 f5 23. gxf5 Qxf5 24. Bg3 Bf6 25. Qb1 Qh5 26. Qe1 Rfe8 27. Bf1 Ne7 28. Nb3 Ng6 29. Qd2 Nh4 30. Rxe8+ Rxe8 31. Qd1 Qxd1 32. Rxd1 Bg6 33. Bxh4 Bxh4 34. Bg2 Bc2 35. Bxd5+ Kf8 36. Rf1 Bd3 37. Rd1 Bc2 38. Rc1 Bf5 39. Bxb7 Re2 40. Rf1 Rxb2 41. Nc5 Be7 42. Be4 Bxh3 43. Bg2 Bxg2 44. Kxg2 a5 45. Ra1 Bxc5 46. dxc5 Rb5 47. c4 Rxc5 48. Ra4 Ke7 49. Kf3 Kd6 50. Ke4 h5 51. Kd4 h4 52. f4 h3 53. Ra2 Rh5 54. Rh2 Kc6 55. Ke4 Kc5 56. Kf3 g6 57. Kg4 Kxc4 58. f5 Rxf5 59. Rxh3 a4 60. Rh1 Rf2 61. Rc1+ Kb3 62. Rb1+ Rb2 63. Re1 a3 64. Re8 a2 65. Rb8+ Kc2 66. Rc8+ Kb1 0-1


[Site "https://www.chess.com"]

[Event "Titled Tuesday Blitz May 2 Late 2023"]
[White "Martins, Bruno Andre Leite"]
[Black "Nakamura, Hikaru"]
[WhiteFideId "1942255"]
[BlackFideId "2016192"]
[WhiteElo "2240"]
[BlackElo "2885"]
[Result "0-1"]
[Round "10"]
[TimeControl "180+2"]
[Date "2023.05.02"]
[WhiteClock "0:00:09"]
[BlackClock "0:01:58"]

1. e4 g6 2. d4 Bg7 3. Nc3 c6 4. Nf3 d5 5. h3 dxe4 6. Nxe4 Nf6 7. Nxf6+ exf6 8. Bc4 O-O 9. O-O b5 10. Bb3 Nd7 11. a4 Nb6 12. a5 Nd5 13. c3 Re8 14. Re1 Be6 15. Nd2 f5 16. Nf3 Qc7 17. Ng5 Bd7 18. Bd2 a6 19. Bxd5 cxd5 20. Qb3 Qc4 21. Qxc4 bxc4 22. Bf4 f6 23. Nf3 g5 24. Bc7 Bf8 25. Rxe8 Rxe8 26. Re1 Rc8 27. Bb6 f4 28. Nd2 Kf7 29. Nb1 Bf5 30. Na3 Bd6 31. f3 h5 32. Re2 g4 33. hxg4 hxg4 34. Nc2 Bd3 35. Rd2 g3 36. Nb4 Bxb4 37. cxb4 Re8 38. Rd1 Re2 39. b5 Rxb2 40. bxa6 c3 41. a7 c2 42. Rf1 Rb1 0-1


[Site "https://www.chess.com"]

[Event "Titled Tuesday Blitz May 2 Late 2023"]
[White "Zhigalko, Sergei"]
[Black "Osinenko, Anton"]
[WhiteFideId "13502956"]
[BlackFideId "4158970"]
[WhiteElo "2626"]
[BlackElo "2294"]
[Result "1-0"]
[Round "10"]
[TimeControl "180+2"]
[Date "2023.05.02"]
[WhiteClock "0:01:26"]
[BlackClock "0:00:47"]

1. e4 Nc6 2. Nf3 e6 3. d4 d5 4. e5 Nge7 5. Bd3 Nf5 6. c3 h5 7. h4 Be7 8. g3 b6 9. O-O Bb7 10. Re1 Qd7 11. b4 a6 12. a4 Bd8 13. Bg5 Nce7 14. Nbd2 c5 15. bxc5 bxc5 16. Nb3 Bb6 17. dxc5 Bc7 18. Nfd4 Rc8 19. c6 Nxc6 20. Nc5 Nfxd4 21. Nxd7 Kxd7 22. cxd4 Nxd4 23. Rb1 Rb8 24. Bxa6 1-0


[Site "https://www.chess.com"]

[Event "Titled Tuesday Blitz May 2 Late 2023"]
[White "Nasir, Zehn"]
[Black "Indjic, Aleksandar"]
[WhiteFideId "2613239"]
[BlackFideId "911925"]
[WhiteElo "1993"]
[BlackElo "2614"]
[Result "0-1"]
[Round "10"]
[TimeControl "180+2"]
[Date "2023.05.02"]
[WhiteClock "0:00:14"]
[BlackClock "0:00:27"]

1. e4 e5 2. Nf3 Nc6 3. Nc3 Nf6 4. d4 Bb4 5. d5 Ne7 6. Bd3 Bxc3+ 7. bxc3 d6 8. h3 O-O 9. O-O Ng6 10. Rb1 b6 11. Kh2 h6 12. g3 Qd7 13. Ng1 c6 14. c4 Re8 15. Qe2 Ba6 16. Bd2 Rac8 17. Rbe1 Qc7 18. f4 exf4 19. gxf4 Nxe4 20. Bxe4 cxd5 21. f5 Rxe4 22. Qf3 Ne5 23. Qg3 f6 24. Rxe4 dxe4 25. Bxh6 Qf7 26. Rd1 Rxc4 27. Rxd6 Rxc2+ 28. Kh1 Rc8 29. Bf4 Nd3 30. Be3 Bb7 31. Ne2 Qh5 32. Nd4 Qd1+ 33. Kh2 Ne5 34. Ne6 Rc2+ 35. Bf2 Nf3+ 36. Kg2 Qg1# 0-1


[Site "https://www.chess.com"]

[Event "Titled Tuesday Blitz May 2 Late 2023"]
[White "Pakleza, Zbigniew"]
[Black "Koziorowicz, Michal"]
[WhiteFideId "1119290"]
[BlackFideId "21809194"]
[WhiteElo "2410"]
[BlackElo "2255"]
[Result "1-0"]
[Round "10"]
[TimeControl "180+2"]
[Date "2023.05.02"]
[WhiteClock "0:00:02"]
[BlackClock "0:00:04"]

1. d4 f5 2. Nf3 Nf6 3. c4 e6 4. Nc3 d5 5. Bf4 c6 6. e3 Bd6 7. Bd3 O-O 8. O-O Ne4 9. Ne2 Qe7 10. h3 Bd7 11. Bxd6 Nxd6 12. Ne5 Be8 13. b4 Nd7 14. Nxd7 Qxd7 15. c5 Nf7 16. Qc2 g6 17. f4 h6 18. a4 g5 19. b5 Kh8 20. Rab1 Rg8 21. bxc6 bxc6 22. Rb2 g4 23. hxg4 Rxg4 24. Rfb1 Nd8 25. Rb8 Rxb8 26. Rxb8 Bh5 27. Nc1 Rg8 28. Bf1 Qg7 29. Nd3 Nf7 30. Rb7 Qg6 31. Qf2 Bd1 32. Rxa7 Rg7 33. a5 Ba4 34. Ne5 Nxe5 35. Rxg7 Qxg7 36. fxe5 Qa7 37. a6 Bb5 38. Bxb5 cxb5 39. Qa2 f4 40. exf4 Kh7 41. Qa5 Qg7 42. a7 Qg4 43. Qd2 Qg8 44. Qd3+ Kg7 45. Qg3+ 1-0


[Site "https://www.chess.com"]

[Event "Titled Tuesday Blitz May 2 Late 2023"]
[White "Mendez Fortes, Eduardo Jesus"]
[Black "Tanenbaum, Zachary"]
[WhiteFideId "3502376"]
[BlackFideId "2060850"]
[WhiteElo "2307"]
[BlackElo "2175"]
[Result "1-0"]
[Round "10"]
[TimeControl "180+2"]
[Date "2023.05.02"]
[WhiteClock "0:00:07"]
[BlackClock "0:00:03"]

1. e4 e5 2. Nf3 Nc6 3. Bb5 a6 4. Ba4 d6 5. c3 Nf6 6. d4 b5 7. Bc2 Be7 8. O-O O-O 9. a3 Re8 10. h3 Bf8 11. Re1 Bb7 12. Nbd2 Nb8 13. b3 c6 14. Bb2 Nbd7 15. c4 Nh5 16. Nf1 Nf4 17. Ng3 Qf6 18. Nh2 Qg6 19. Qf3 h5 20. Rad1 Rad8 21. d5 bxc4 22. bxc4 cxd5 23. cxd5 Rb8 24. Ba4 Bc8 25. Bc1 Qg5 26. Bxd7 Bxd7 27. Bxf4 exf4 28. Nxh5 Ba4 29. Rb1 Rxb1 30. Rxb1 Bc2 31. Re1 Bxe4 32. Qg4 f6 33. Nxf4 Re5 34. Qxg5 fxg5 35. Ng4 Re7 36. f3 Bc2 37. Rxe7 Bxe7 38. Ne6 Bb3 39. Ne3 Kf7 40. Kf2 Kf6 41. g3 Ke5 42. Nxg7 Bxd5 43. Nxd5 Kxd5 44. Nf5 Bf6 45. Ke3 Bb2 46. a4 Ke5 47. Ne7 d5 48. Nc6+ Kd6 49. Nd4 Kc5 50. Ne2 Kc4 51. f4 gxf4+ 52. gxf4 Bc3 53. Nc1 d4+ 54. Ke2 Kb4 55. Nd3+ Kxa4 56. f5 Bb4 57. Nxb4 Kxb4 58. f6 Kc3 59. Kd1 a5 60. f7 a4 61. f8=Q Kb3 62. Qb8+ Kc3 63. Qc7+ Kb3 64. Qb6+ Kc4 65. Qa5 Kb3 66. Qb5+ Ka3 67. Kc2 d3+ 68. Kc3 d2 69. Qb2# 1-0


[Site "https://www.chess.com"]

[Event "Titled Tuesday Blitz May 2 Late 2023"]
[White "Yanchenko, Roman"]
[Black "Lee, Linden"]
[WhiteFideId "4137329"]
[BlackFideId "30941830"]
[WhiteElo "2491"]
[BlackElo "1985"]
[Result "1-0"]
[Round "10"]
[TimeControl "180+2"]
[Date "2023.05.02"]
[WhiteClock "0:00:27"]
[BlackClock "0:00:03"]

1. d4 Nf6 2. Nf3 g6 3. c4 Bg7 4. Nc3 O-O 5. Bf4 d6 6. e3 c5 7. Be2 Nc6 8. O-O Nh5 9. Bg5 f6 10. Bh4 cxd4 11. Nxd4 Nxd4 12. exd4 Nf4 13. Bf3 e5 14. Nd5 Ne6 15. dxe5 dxe5 16. Re1 Qe8 17. Nc3 Nd4 18. Bd5+ Kh8 19. f4 Bf5 20. Bf2 Nc2 21. g4 Nxe1 22. gxf5 exf4 23. Qxe1 Qd7 24. Be6 Qd6 25. Rd1 Qc7 26. Qe4 Rae8 27. Nd5 Qc6 28. Qxf4 gxf5 29. Bxf5 Rg8 30. Kh1 Qa4 31. Rg1 Re5 32. b3 Qc6 33. Qf3 Rd8 34. Bd4 Rexd5 35. cxd5 Qxd5 36. Qxd5 Rxd5 37. Rc1 Rxd4 38. Rc8+ Bf8 39. Rxf8+ Kg7 40. Rb8 Rb4 41. Rc8 h5 42. Kg2 Kh6 43. Rg8 Rb5 44. Rg6+ Kh7 45. Rxf6+ Kg7 46. Rg6+ Kf7 47. Bd3 Re5 48. Rg3 b6 49. Kf2 a5 50. Rf3+ Ke7 51. Re3 Kd6 52. Rxe5 Kxe5 53. Ke3 h4 54. a3 h3 55. b4 axb4 56. axb4 Kd5 57. Bf1 Kc6 58. Kd4 Kd6 59. Bxh3 Kc6 60. Bf1 Kd6 61. h4 Ke6 62. h5 Kf5 63. Be2 Kg5 64. Kd5 b5 65. Kc6 1-0


[Site "https://www.chess.com"]

[Event "Titled Tuesday Blitz May 2 Late 2023"]
[White "Mgeladze, Tamaz"]
[Black "Benedetti, Julio"]
[WhiteFideId "13601202"]
[BlackFideId "172545"]
[WhiteElo "2288"]
[BlackElo "2263"]
[Result "0-1"]
[Round "10"]
[TimeControl "180+2"]
[Date "2023.05.02"]
[WhiteClock "0:00:02"]
[BlackClock "0:00:28"]

1. c4 e5 2. g3 c6 3. Nf3 e4 4. Nd4 Nf6 5. Nc3 Bb4 6. Bg2 Bxc3 7. dxc3 O-O 8. Bg5 h6 9. Bxf6 Qxf6 10. Bxe4 d5 11. cxd5 cxd5 12. Bxd5 Nc6 13. Nxc6 bxc6 14. Bg2 Rd8 15. Qc2 Bf5 16. e4 Bg4 17. O-O Qg5 18. f4 Qh5 19. e5 Bf5 20. Qf2 Rd3 21. Bf3 Qg6 22. Rad1 Rad8 23. Rxd3 Rxd3 24. Rd1 Rxd1+ 25. Bxd1 c5 26. Qxc5 Be6 27. Be2 Qe4 28. Bf1 Bd5 29. Qd4 Qh1+ 30. Kf2 Qxh2+ 31. Ke1 Qxg3+ 32. Kd2 Bxa2 33. Qd8+ Kh7 34. Qd3+ Qxd3+ 35. Bxd3+ Kg8 36. c4 Bb3 37. Kc3 Ba4 38. Kd4 Kf8 39. b4 Bd7 40. f5 Ke7 41. Kd5 h5 42. c5 h4 43. c6 Bc8 44. Be4 h3 45. b5 h2 46. Bh1 Bxf5 47. c7 Kd7 48. Kc5 Kxc7 49. Kd5 Bc8 50. Kc5 Bb7 51. Bc6 Bxc6 0-1


[Site "https://www.chess.com"]

[Event "Titled Tuesday Blitz May 2 Late 2023"]
[White "Bryant, John Daniel"]
[Black "Loiacono, Antonio"]
[WhiteFideId "2031280"]
[BlackFideId "895415"]
[WhiteElo "2455"]
[BlackElo "2257"]
[Result "0-1"]
[Round "10"]
[TimeControl "180+2"]
[Date "2023.05.02"]
[WhiteClock "0:00:07"]
[BlackClock "0:00:15"]

1. e4 e5 2. Nf3 Nc6 3. d4 exd4 4. Nxd4 Nxd4 5. Qxd4 Qf6 6. e5 Qb6 7. Qxb6 axb6 8. Nc3 c6 9. Bd3 d5 10. exd6 Bxd6 11. O-O Ne7 12. Be3 Bc7 13. Rfe1 Be6 14. Bg5 Ra5 15. f4 Bd8 16. Ne4 h6 17. Bh4 Kd7 18. Rad1 Kc7 19. a3 Nf5 20. Bf2 Be7 21. g4 Nh4 22. Re3 Bd5 23. Rh3 g5 24. Kf1 Re8 25. Bg3 Kc8 26. Re1 Kd7 27. fxg5 hxg5 28. Bxh4 gxh4 29. Rhe3 Bxe4 30. Rxe4 f5 31. R4e2 fxg4 32. Kg1 Rd5 33. Kh1 Rd6 34. Bc4 Rf6 35. b4 Kd8 36. Rd1+ Kc7 37. Rde1 b5 38. Bd3 Kd8 39. c4 bxc4 40. Bxc4 b5 41. Bd3 g3 42. hxg3 hxg3 43. Kg1 Rf2 44. Re4 Rf7 45. Rd1 Kc7 46. Kg2 Rf2+ 47. Kxg3 Rf7 48. Re6 Rg8+ 49. Bg6 Rfg7 50. Kf3 Rxg6 51. Rxe7+ Kb6 52. Rdd7 Rb8 53. Ke4 Rgg8 54. Ra7 Rge8 55. Kd4 Rxe7 56. Rxe7 Ra8 57. Re8 Rxa3 58. Rb8+ Kc7 59. Rh8 Rb3 60. Rh7+ Kb6 61. Rh8 Rxb4+ 62. Kc3 Rc4+ 63. Kb3 Kc5 64. Rh5+ Kb6 65. Rh6 Rc5 66. Rh8 Rd5 67. Rb8+ Kc5 68. Rg8 Rd3+ 69. Kc2 Rh3 70. Rg5+ Kb6 71. Rg8 b4 72. Rb8+ Kc5 73. Rg8 Kb5 74. Kb2 c5 75. Rb8+ Kc4 76. Rh8 Rxh8 0-1


[Site "https://www.chess.com"]

[Event "Titled Tuesday Blitz May 2 Late 2023"]
[White "Halkias, Stelios"]
[Black "Hajiyev, Kanan"]
[WhiteFideId "4201809"]
[BlackFideId "13404148"]
[WhiteElo "2451"]
[BlackElo "2103"]
[Result "1/2-1/2"]
[Round "10"]
[TimeControl "180+2"]
[Date "2023.05.02"]
[WhiteClock "0:00:15"]
[BlackClock "0:00:03"]

1. c4 c6 2. d4 d5 3. cxd5 cxd5 4. Nf3 Nf6 5. Nc3 Nc6 6. Bf4 g6 7. e3 Bg7 8. h3 O-O 9. Bd3 Nd7 10. Bc2 e5 11. dxe5 Ndxe5 12. Nxe5 Nxe5 13. Bb3 Nc4 14. Bxc4 dxc4 15. O-O Qxd1 16. Rfxd1 Be6 17. e4 Rfd8 18. Rac1 a6 19. Nd5 Bxd5 20. exd5 b5 21. Rc2 Rd7 22. d6 Rad8 23. a4 h6 24. Rd5 g5 25. Bg3 bxa4 26. Rxc4 Bxb2 27. Rxa4 Ra8 28. Rc5 f6 29. Rc7 Ra7 30. Rxa6 Rxa6 31. Rxd7 Be5 32. Bxe5 fxe5 33. g4 Ra1+ 34. Kg2 Rd1 35. Kf3 Rd4 36. Ke3 Kh8 37. f3 Kg8 38. Rd8+ Kg7 39. Rd7+ Kg6 40. Ke2 Rd5 41. Kf2 Rd4 42. Ke3 Kf6 43. Rh7 Kg6 44. Rd7 Kf6 45. Rd8 Kg7 46. d7 Kh7 47. Kf2 Rd2+ 48. Ke3 Rd4 49. Re8 Rxd7 50. Rxe5 Kg6 51. Re6+ Kg7 52. f4 gxf4+ 53. Kxf4 Rd4+ 54. Kf5 Rd7 55. Ke5 Ra7 56. h4 Ra5+ 57. Kf4 Ra4+ 58. Re4 Ra7 59. Re6 Ra4+ 60. Kf3 Ra3+ 61. Kf4 Ra4+ 1/2-1/2


[Site "https://www.chess.com"]

[Event "Titled Tuesday Blitz May 2 Late 2023"]
[White "Bayo Milagro, Alvaro"]
[Black "Papasimakopoulos, Alexandros"]
[WhiteFideId "22275240"]
[BlackFideId "4244125"]
[WhiteElo "2270"]
[BlackElo "2359"]
[Result "0-1"]
[Round "10"]
[TimeControl "180+2"]
[Date "2023.05.02"]
[WhiteClock "0:00:02"]
[BlackClock "0:00:28"]

1. d4 Nf6 2. Nf3 b6 3. c4 Bb7 4. Nc3 e6 5. a3 d5 6. cxd5 Nxd5 7. Qc2 Be7 8. Bd2 O-O 9. O-O-O Nd7 10. e4 Nxc3 11. Bxc3 Re8 12. h4 Nf8 13. Kb1 Qc8 14. h5 h6 15. Rg1 Ba6 16. g4 Bxf1 17. Rdxf1 Nh7 18. Ne5 c5 19. d5 exd5 20. exd5 Qb7 21. Nxf7 Bf8 22. g5 Qxf7 23. g6 Qxd5 24. gxh7+ Kh8 25. Rg4 Qxh5 26. Rfg1 Re7 27. Rf4 Rae8 28. Qd3 Rf7 29. Qc4 Ree7 30. Rxf7 Qxf7 31. Qd3 Qe6 32. Ka1 Rf7 33. Qd8 Kxh7 34. Qd3+ Qf5 35. Qd8 Be7 36. Qc8 0-1


[Site "https://www.chess.com"]